 Dungeon Crawl Stone Soup version 0.27-a0-1137-g3ef0f4ec91 (webtiles) character file.

Game seed: 11118440193814734450

20125 robertstho the Unseen (level 12, -7/86 HPs)
             Began as an Octopode Berserker on May 6, 2021.
             Was an Elder of Trog.
             Mangled by a seven-headed hydra (8 damage)
             ... on level 1 of the Lair of Beasts.
             The game lasted 00:25:18 (13260 turns).

robertstho the Unseen (Octopode Berserker)         Turns: 13260, Time: 00:25:19

Health: -7/86      AC:  7    Str: 23    XL:     12   Next: 76%
Magic:  12/12      EV: 19    Int: 10    God:    Trog [****..]
Gold:   459        SH:  8    Dex: 20    Spells: 11/11 levels left

rFire    + + .     SeeInvis .   R - +8 short sword (flame)
rCold    . . .     Faith    .   y - +2 buckler {rC+}
rNeg     + . .     Spirit   .   h - +2 hat "Uggionyt" {Drain +Blink rN+ Str+5}
rPois    .         Reflect  .   (no amulet)
rElec    .         Harm     .   c - +4 ring of protection
rCorr    .         Rampage  .   g - +6 ring of dexterity
Will     .....                  s - ring of protection from fire
Stlth    ++++++++..             v - ring of fire
HPRegen  0.24/turn              (no ring)
MPRegen  0.13/turn              (no ring)
                                (no ring)
                                (no ring)

@: frozen, very slow
A: almost no armour, amphibious, 8 rings, camouflage 1, gelatinous body 1,
(nimble swimmer 1), tentacles
a: Renounce Religion, Evoke Blink, Berserk, Trog's Hand, Brothers in Arms


You were on level 1 of the Lair of Beasts.
You worshipped Trog.
Trog was greatly pleased with you.
You visited 2 branches of the dungeon, and saw 12 of its levels.
You also visited: Ossuary.

You collected 635 gold pieces.
You spent 176 gold pieces at shops.

Inventory:

Hand Weapons
 k - a +0 dagger of protection
 q - a +3 whip of venom
 R - a +8 short sword of flaming (weapon)
Missiles
 o - 3 throwing nets
 E - a curare-tipped dart
Armour
 h - the +2 hat "Uggionyt" (worn) {Drain +Blink rN+ Str+5}
   (You acquired it on level 7 of the Dungeon)

   It affects your strength (+5).
   It protects you from negative energy.
   It lets you blink.
   It drains your maximum health when unequipped.
 y - a +2 buckler of cold resistance (worn)
Jewellery
 c - a +4 ring of protection (left tentacle)
 g - a +6 ring of dexterity (right tentacle)
 s - a ring of protection from fire (on tentacle)
 v - a ring of fire (on tentacle)
Wands
 l - a wand of paralysis (11)
 t - a wand of digging (8)
 x - a wand of flame (70)
 I - a wand of polymorph (27)
 L - a wand of iceblast (7)
 M - a wand of mindburst (15)
Scrolls
 d - 5 scrolls of teleportation
 f - 4 scrolls of enchant weapon
 i - 3 scrolls of magic mapping
 j - a scroll of enchant armour {unknown}
 r - 2 scrolls of torment {unknown}
 u - 3 scrolls of fear
 A - a scroll of holy word {unknown}
 B - 2 scrolls of amnesia {unknown}
 D - 2 scrolls of fog {unknown}
 H - a scroll of silence {unknown}
 K - 4 scrolls of immolation {unknown}
 O - 2 scrolls of blinking
 P - 3 scrolls of identify
Potions
 a - 2 potions of degeneration
 b - 2 potions of lignification {unknown}
 e - 4 potions of brilliance
 m - 2 potions of attraction {unknown}
 n - 3 potions of flight {unknown}
 p - 2 potions of ambrosia {unknown}
 w - a potion of berserk rage {unknown}
 z - a potion of cancellation {unknown}
 C - a potion of curing {unknown}
 F - a potion of mutation {unknown}
 G - 3 potions of haste {unknown}
 J - a potion of resistance {unknown}
 N - 2 potions of might
 Q - 2 potions of invisibility {unknown}


   Skills:
 * Level 9.6 Fighting
 + Level 9.1 Short Blades
 + Level 3.6 Maces & Flails
 + Level 9.0 Dodging
 * Level 17.2 Stealth
 + Level 4.7 Shields
 + Level 0.6 Evocations


You had 11 spell levels left.
You didn't know any spells.
Your spell library was empty.

Dungeon Overview and Level Annotations

Branches:
Dungeon (11/15)            Temple (0/1) D:5            Lair (1/6) D:8
Ossuary (visited)
    Orc: D:9-12

Altars:
Elyvilon
Fedhas
Gozag
Kikubaaqudgha
Nemelex Xobeh
Trog
Vehumet
Yredelemnul
Zin

Shops:
D:5 *   D:8 *


Innate Abilities, Weirdness & Mutations

You cannot wear most types of armour.
You are amphibious.
You can wear up to eight rings at the same time.
Your skin changes colour to match your surroundings (Stealth+).
Your rubbery body absorbs attacks. (AC +1, EV +1)
((You are camouflaged near water. (Stealth+)))
You have tentacles for arms and can constrict up to eight enemies at once.


Message History

No target in view!
No target in view!
No target in view!
No target in view!
No target in view!
No target in view!
No target in view!
No target in view!
Something bites the plant.
The plant begins to die.
You see here 19 stones.
A rime drake is nearby!
A seven-headed hydra comes into view.
The seven-headed hydra roars!
The rime drake hisses angrily.
You puncture the rime drake! You burn the rime drake.
The rime drake is heavily wounded.
The rime drake breathes ice at you. The flash freeze hits you!!
You are encased in ice.
You closely miss the rime drake. You squeeze the rime drake!
The rime drake is almost dead.
A nearby plant withers and dies.
You block the rime drake's attack.
You completely miss the rime drake. Your squeeze misses the rime drake.
The rime drake is almost dead.
The rime drake misses you.
You hit the rime drake. You burn the rime drake.
You kill the rime drake!
Trog accepts your kill.
Your Dodging skill increases to level 9!
The seven-headed hydra bites you! x2
The seven-headed hydra closely misses you.
The seven-headed hydra bites you.
The seven-headed hydra bites you but does no damage.
The seven-headed hydra bites you.
The seven-headed hydra completely misses you. x2
The seven-headed hydra bites you!
* * * LOW HITPOINT WARNING * * *
The seven-headed hydra bites you!
* * * LOW HITPOINT WARNING * * *
The seven-headed hydra bites you!
You die...

#... #...
#..≈# .
[.#≈# #.#
≈..P
###....
#..#.......
#.D...# #@#
#.# ###.#
#..(# ##.##
##.## #P..#
##.## ##.#


You could see a seven-headed hydra.

Vanquished Creatures
  Harold (D:9)
  A hydra (Lair:1)
  5 two-headed ogres
  A skeletal warrior (D:11)
  A deep elf pyromancer (D:10)
  A cyclops (D:10)
  Joseph (D:7)
  Maurice (D:9)
  2 gargoyles
  A kobold demonologist (D:10)
  A rime drake (Lair:1)
  4 trolls (D:10)
  2 shadows
  4 humans (D:7)
  10 yaks
  A basilisk (D:11)
  A wraith (D:10)
  2 vampire mosquitoes (D:11)
  Menkaure (D:4)
  9 wargs (D:10)
  An acid dragon (D:10)
  A water moccasin (Lair:1)
  6 orc warriors
  2 sky beasts
  4 black bears
  7 necrophages
  2 ogres
  2 ice beasts
  2 centaurs
  4 kobold brigands
  5 bullfrogs
  2 gnoll sergeants (D:10)
  A water moccasin zombie (D:7)
  12 scorpions
  A water moccasin skeleton (D:4)
  12 killer bees (D:9)
  10 wights
  10 howler monkeys
  2 bullfrog zombies
  A centaur zombie (D:2)
  Crazy Yiuf (D:6)
  A centaur skeleton (D:5)
  2 hounds
  6 human zombies
  A gnoll shaman (D:10)
  8 orc priests
  3 jellies
  Jessica (D:2)
  4 scorpion zombies (Ossuary)
  Ijyb (D:4)
  14 orc wizards
  7 mummies
  A howler monkey zombie (D:7)
  4 adders
  4 gnolls (D:10)
  3 shadow imps
  An ufetubus (D:5)
  2 worms (D:4)
  A dart slug (D:2)
  29 orcs
  7 endoplasms
  3 giant cockroaches
  4 gnoll zombies (Ossuary)
  3 goblins
  7 hobgoblins
  6 quokkas
  9 ball pythons
  3 bats
  4 frilled lizards
  A goblin zombie (Ossuary)
  4 hobgoblin zombies (Ossuary)
  17 kobolds
  3 kobold zombies (Ossuary)
  4 rats
306 creatures vanquished.

Vanquished Creatures (collateral kills)
  A skeletal warrior (D:11)
  Maggie (D:9)
  2 trolls (D:10)
  4 yaks (D:10)
  2 wargs (D:10)
  An orc warrior (D:7)
  A kobold brigand (D:10)
  An orc priest (D:7)
  A shadow imp (D:7)
  An orc (D:7)
15 creatures vanquished.

Vanquished Creatures (others)
  2 fungi (D:8)
  14 plants
16 creatures vanquished.

Grand Total: 337 creatures vanquished

Notes
Turn   | Place    | Note
-------+----------+-------------------------------------------
     0 | D:1      | robertstho the Octopode Berserker began the quest for the
                  | Orb.
     0 | D:1      | Reached XP level 1. HP: 16/16 MP: 1/1
   231 | D:1      | Reached XP level 2. HP: 16/21 MP: 2/2
   588 | D:1      | Reached skill level 1 in Stealth
  1081 | D:2      | Reached XP level 3. HP: 19/26 MP: 3/3
  1264 | D:2      | Found a faded altar of an unknown god.
  1281 | D:2      | Reached skill level 2 in Stealth
  1300 | D:2      | Reached ** piety under Trog
  1446 | D:2      | Reached skill level 3 in Stealth
  1446 | D:2      | Reached XP level 4. HP: 17/32 MP: 4/4
  2113 | D:2      | Noticed Jessica
  2120 | D:2      | Killed Jessica
  2121 | D:2      | Reached XP level 5. HP: 29/37 MP: 5/5
  2122 | D:2      | Reached skill level 4 in Stealth
  3095 | D:4      | Noticed an ogre
  3108 | D:4      | Reached *** piety under Trog
  3109 | D:4      | Reached skill level 5 in Stealth
  3226 | D:4      | Found a bloodstained altar of Trog.
  3226 | D:4      | Noticed Menkaure
  3229 | D:4      | Killed Menkaure
  3230 | D:4      | Reached XP level 6. HP: 43/43 MP: 6/6
  3232 | D:4      | Reached skill level 6 in Stealth
  3236 | D:4      | Reached skill level 1 in Maces & Flails
  3236 | D:4      | Reached XP level 7. HP: 48/48 MP: 7/7
  3530 | D:4      | Reached skill level 7 in Stealth
  3674 | D:4      | Found an ancient bone altar of Kikubaaqudgha.
  3707 | D:4      | Found a radiant altar of Vehumet.
  3927 | D:4      | Noticed Ijyb
  3927 | D:4      | Paralysed by Ijyb for 7 turns
  3936 | D:4      | Paralysed by Ijyb for 4 turns
  3943 | D:4      | Killed Ijyb
  4135 | D:4      | Found a glowing silver altar of Zin.
  4163 | D:5      | Entered Level 5 of the Dungeon
  4225 | D:5      | Reached skill level 8 in Stealth
  4225 | D:5      | Reached XP level 8. HP: 46/54 MP: 8/8
  4386 | D:5      | Reached skill level 5 in Fighting
  4642 | D:5      | Reached skill level 5 in Short Blades
  4642 | D:5      | Reached skill level 9 in Stealth
  4663 | D:5      | Found Hainkeb's Assorted Antiques.
  4784 | D:5      | Bought a sedimented green potion for 23 gold pieces
  4784 | D:5      | Bought a scroll labelled RIGGAPT CUISA for 26 gold pieces
  4784 | D:5      | Bought a scroll labelled YTHRAL GUAVAI for 26 gold pieces
  4784 | D:5      | Bought a scroll labelled RIGGAPT CUISA for 26 gold pieces
  4784 | D:5      | Bought a scroll labelled BUMMIA ROIZOTHAOL for 26 gold
                  | pieces
  4784 | D:5      | Bought a scroll labelled RIGGAPT CUISA for 26 gold pieces
  4784 | D:5      | Bought a fizzy red potion for 23 gold pieces
  4899 | D:5      | Found a staircase to the Ecumenical Temple.
  5044 | D:6      | Reached **** piety under Trog
  5217 | D:6      | Reached skill level 10 in Stealth
  5217 | D:6      | Reached XP level 9. HP: 60/62 MP: 9/9
  5443 | D:6      | Found a runed translucent door.
  5444 | D:6      | Noticed Crazy Yiuf
  5489 | D:6      | Found an opulent altar of Gozag.
  5854 | D:6      | Killed Crazy Yiuf
  6072 | D:7      | Reached skill level 5 in Dodging
  6078 | D:7      | Reached skill level 11 in Stealth
  6122 | D:7      | Identified 2 scrolls of acquirement
  6122 | D:7      | Acquired a +2 buckler of cold resistance
  6129 | D:7      | Acquired the +2 hat "Uggionyt" {Drain +Blink rN+ Str+5}
  6363 | D:7      | Noticed Joseph
  6377 | D:7      | Killed Joseph
  6422 | D:7      | Found a sand-covered staircase.
  6428 | Ossuary  | Entered an ossuary
  6687 | Ossuary  | Reached XP level 10. HP: 69/69 MP: 10/10
  6732 | Ossuary  | Reached skill level 12 in Stealth
  7328 | D:7      | Found a basalt altar of Yredelemnul.
  7352 | D:7      | Reached ***** piety under Trog
  7426 | D:7      | Reached skill level 13 in Stealth
  7426 | D:7      | Reached skill level 1 in Shields
  7492 | D:7      | Found a sparkling altar of Nemelex Xobeh.
  7492 | D:7      | Found a white marble altar of Elyvilon.
  7492 | D:7      | Found a blossoming altar of Fedhas.
  7678 | D:8      | Found Geinecw's Lightly-Used Armoury.
  8115 | D:8      | Found a staircase to the Lair.
  8332 | D:9      | Noticed a gargoyle
  8335 | D:9      | Killed a gargoyle
  8336 | D:9      | Reached skill level 14 in Stealth
  8348 | D:9      | Noticed a two-headed ogre
  8351 | D:9      | Noticed Harold
  8359 | D:9      | Noticed Maurice
  8364 | D:9      | Killed a two-headed ogre
  8365 | D:9      | Reached XP level 11. HP: 50/76 MP: 11/11
  8372 | D:9      | Killed Harold
  8373 | D:9      | Reached skill level 15 in Stealth
  8390 | D:9      | Received a gift from Trog
  8821 | D:9      | Noticed Maggie
  8829 | D:9      | Killed Maggie
  8870 | D:9      | Noticed a two-headed ogre
  8883 | D:9      | Killed a two-headed ogre
  9508 | D:9      | Killed Maurice
  9618 | D:10     | Entered Level 10 of the Dungeon
 10016 | D:10     | Noticed a deep elf pyromancer
 10018 | D:10     | Noticed a two-headed ogre
 10024 | D:10     | Killed a deep elf pyromancer
 10034 | D:10     | Killed a two-headed ogre
 10035 | D:10     | Reached skill level 16 in Stealth
 10332 | D:10     | Noticed a two-headed ogre
 10451 | D:10     | Noticed a cyclops
 10606 | D:10     | Reached XP level 12. HP: 84/84 MP: 12/12
 11432 | D:10     | Killed a two-headed ogre
 12445 | D:11     | Noticed a two-headed ogre
 12447 | D:11     | Killed a two-headed ogre
 12489 | D:11     | Received a gift from Trog
 12490 | D:11     | Reached skill level 17 in Stealth
 12506 | D:11     | Noticed a boulder beetle
 12509 | D:11     | Noticed a two-headed ogre
 13035 | Lair:1   | Entered Level 1 of the Lair of Beasts
 13086 | Lair:1   | Noticed a six-headed hydra
 13093 | Lair:1   | Killed a six-headed hydra
 13254 | Lair:1   | Noticed a seven-headed hydra
 13260 | Lair:1   | HP: 1/86 [seven-headed hydra (11)]
 13260 | Lair:1   | Mangled by a seven-headed hydra

Illustrated notes

Levels and vault maps discovered:
D:1:      roderic_crop_circles_arrival_large, layout_basic
D:2:      layout_loops_corners, basic_ecumenical_altar, kennysheep_minor_cross,
          guppyfry_early_lair_pool, uniq_jessica
D:3:      layout_rooms, minmay_strange_pillars, serial_bayou_crossing
D:4:      layout_basic, zin_treasury, kennysheep_mini, kennysheep_little_box,
          overflow_temple_1_default, nrook_campfire, kennysheep_pointless_box,
          uniq_menkaure, uniq_ijyb
D:5:      layout_cave_pools, minmay_temple_entry_antechambers, serial_shops,
          kennysheep_mini_moat, grunt_decor_one_mirror
D:6:      layout_loops_ring, lemuel_tele_altar, uniq_crazy_yiuf_cottage
D:7:      layout_basic, gammafunk_temple_overflow_claw,
          lemuel_mausoleum_altar_yredelemnul, enter_ossuary_5, minmay_ruffians,
          uniq_joseph
D:8:      layout_cave_pools, grunt_lair_entry_orc_guard_hut,
          minmay_shop_damaged, minmay_misc_feat_ornament
D:9:      layout_basic, chequers_serial_rivers_micro_b, uniq_maggie,
          uniq_harold, uniq_maurice
D:10:     lemuel_castle_with_subvaults [lemuel_castle_interior_carwin_2],
          layout_stronghold
D:11:     layout_basic, minivault_24, minivault_25_ag, nicolae_benzene_ring,
          nicolae_hepliaklqana_hazy_memory
Lair:1:   layout_cave_pods, portal_ice_cave_rime

Skill      XL: |  1  2  3  4  5  6  7  8  9 10 11 12 |
---------------+-------------------------------------+-----
Stealth        | 1 3 5 6 8 10 11 14 16 17 | 17.2
Short Blades   | 4 5 6 7 8 9 |  9.1
Fighting       | 4 5 6 7 8 9 |  9.6
Maces & Flails | 1 2 3 |  3.6
Dodging        | 4 5 6 7 9 |  9.0
Shields        | 1 3 4 |  4.7
Evocations     | |  0.6

Action                   |  1- 3 |  4- 6 |  7- 9 | 10-12 || total
-------------------------+-------+-------+-------+-------++-------
Melee: Short sword       |    73 |    43 |       |    17 ||   133
       Constrict         |    16 |    15 |    40 |   101 ||   172
       Tentacles         |    12 |    12 |    77 |   249 ||   350
       Whip              |       |    16 |    31 |       ||    47
       Dagger            |       |       |   188 |   697 ||   885
Invok: Berserk           |     1 |     3 |    10 |    15 ||    29
       Brothers in Arms  |       |       |     1 |     5 ||     6
       Trog's Hand       |       |       |     1 |     2 ||     3
Evoke: Wand              |       |       |       |     9 ||     9
  Use: Scroll            |     2 |     2 |     5 |     3 ||    12
       Potion            |       |       |       |     4 ||     4
 Stab: Sleeping          |     9 |     7 |    13 |    31 ||    60
       Distracted        |       |       |       |     2 ||     2
Armor: Skin              |     9 |    11 |    54 |   113 ||   187
Dodge: Dodged            |    37 |    37 |   124 |   329 ||   527
Block: Buckler           |       |       |     6 |   161 ||   167

Table legend: (Time is in decaauts)
 A = Elapsed time spent in this place.
 B = Non-inter-level travel time spent in this place.
 C = Inter-level travel time spent in this place.
 D = Time resting spent in this place.
 E = Time spent auto-exploring this place.
 F = Levels seen in this place.
 G = Mean time per level.
                   A        B        C        D        E       F      G
               +--------+--------+--------+--------+--------+-----+--------+
         Total |  13207 |  12874 |    333 |   1687 |   8881 |  13 | 1015.9 |
       Dungeon |  12334 |  12001 |    333 |   1491 |   8482 |  11 | 1121.3 |
          Lair |    232 |    232 |      0 |      0 |    211 |   1 |  232.0 |
       Ossuary |    640 |    640 |      0 |    196 |    187 |   1 |  640.0 |
               +--------+--------+--------+--------+--------+-----+--------+

Top non-repeatable levels by time:
    D:10: 3113 daAuts
     D:9: 1403 daAuts
     D:2: 1384 daAuts
     D:7: 1097 daAuts
     D:4: 1072 daAuts
     D:1: 1059 daAuts
     D:6: 977 daAuts
     D:3: 787 daAuts
     D:5: 706 daAuts
 Ossuary: 640 daAuts
     D:8: 584 daAuts
  Lair:1: 232 daAuts
    D:11: 149 daAuts
